Map: Korhal Carnage Knockout LE

Players

TakeDown - Winner!

  • Race: Terran Terran
  • League: Master

llllllllllll

  • Race: Zerg Zerg
  • League: Grandmaster

VOD

Have the link to the VOD?

Description

Time

  • Played on: April 27, 2016, 2:43 p.m.
  • Length: 13:02
Show
View Real Time Build Order
Export as new Build Order

TakeDown Terran - Winner!

Build Orders: Reaper Expand, Bio Mine 

Get SALT Encoding   

  12  0:00  SCV  
  13  0:13  SCV  
  14  0:17  Supply Depot  
  14  0:25  SCV  
  15  0:39  SCV  
  15  0:40  Barracks  
  16  0:46  Refinery  
  16  0:51  SCV  
  17  1:03  SCV  
  18  1:15  SCV  
  19  1:28  Orbital Command  
  19  1:29  Reaper  
  20  1:47  Command Center  
  20  1:53  Supply Depot  
  20  1:54  SCV  
  21  2:02  Marine  
  21  2:06  SCV  
  23  2:19  Factory  
  23  2:20  SCV  
  23  2:21  Refinery  
  24  2:28  Barracks Reactor  
  24  2:32  SCV  
  24  2:44  SCV  
  25  2:56  SCV  
  25  3:02  Orbital Command  
  25  3:05  Factory Tech Lab, Starport  
  25  3:06  Marine x2  
  27  3:14  SCV  
  28  3:23  Siege Tank  
  28  3:26  SCV  
  32  3:29  SCV, Marine x2  
  32  3:31  Supply Depot  
  35  3:38  SCV  
  36  3:43  SCV  
  36  3:44  Medivac  
  36  3:47  Marine  
  36  3:48  Marine  
  40  3:50  SCV  
  42  3:56  SCV  
  42  4:02  SCV  
  45  4:13  Command Center  
  43  4:18  SCV x2  
  43  4:21  Stimpack, Viking  
  47  4:27  Marine  
  47  4:28  Factory Reactor  
  47  4:30  SCV x2  
  50  4:34  Barracks  
  50  4:38  Barracks  
  50  4:42  SCV x2  
  50  4:45  Marine  
  53  4:47  Supply Depot  
  53  4:54  Starport Reactor  
  53  4:55  SCV  
  54  5:09  Marine, SCV x2  
  54  5:11  Supply Depot  
  54  5:13  Factory Reactor  
  57  5:14  Barracks  
  57  5:16  Barracks  
  57  5:21  SCV x2  
  57  5:25  Marine x2  
  57  5:27  Orbital Command  
  59  5:30  Refinery  
  59  5:33  SCV x2, Refinery  
  59  5:34  Marine x2  
  63  5:36  Medivac x2  
  67  5:48  SCV x2, Engineering Bay  
  67  5:49  Engineering Bay  
  69  6:00  SCV x2  
  71  6:05  Barracks Reactor x2  
  71  6:06  Marine x4  
  75  6:12  SCV x2  
  75  6:15  Orbital Command  
  77  6:18  Marine  
  77  6:19  Medivac  
  77  6:20  Medivac  
  77  6:21  Widow Mine  
  77  6:22  Widow Mine  
  77  6:24  SCV  
  87  6:27  Supply Depot  
  87  6:29  Terran Infantry Weapons Level 1  
  87  6:31  Terran Infantry Armor Level 1  
  88  6:32  SCV  
  88  6:35  Marine  
  88  6:36  Marine  
  89  6:53  Marine x7  
  83  6:55  Marine x2  
  83  6:57  SCV  
  83  6:58  SCV  
  83  6:59  SCV  
  83  7:10  SCV x2, Marine  
  83  7:15  Missile Turret x2  
  86  7:16  SCV, Marine  
  86  7:17  Marine x6, Widow Mine x2  
  86  7:20  Combat Shields  
  86  7:22  SCV x2  
  98  7:28  SCV  
  98  7:29  Medivac  
  101  7:30  Armory  
  101  7:35  Supply Depot x2  
  101  7:36  Supply Depot  
  101  7:40  Supply Depot  
  101  7:44  Factory  
  101  7:47  Medivac, Marine x6  
  109  7:57  Marine, SCV x2  
  109  7:58  SCV, Marine  
  113  7:59  Marine  
  113  8:04  Supply Depot x2  
  113  8:05  Marine x6  
  119  8:09  SCV x2  
  127  8:14  Marine  
  127  8:16  Marine  
  127  8:21  Factory Reactor  
  127  8:24  Marine x5  
  127  8:26  Missile Turret  
  130  8:28  Marine x2  
  130  8:30  Factory Tech Lab  
  130  8:32  Medivac x2, Marine  
  137  8:37  Marine, Terran Infantry Weapons Level 2  
  137  8:38  Terran Infantry Armor Level 2  
  138  8:42  Marine x2  
  138  8:47  SCV x2  
  142  8:51  Missile Turret  
  142  8:56  Marine x4  
  142  8:57  Marine x3, Widow Mine  
  142  8:58  Widow Mine x2  
  142  8:59  Drilling Claws  
  154  9:12  Marine x2  
  154  9:14  Marine x3  
  154  9:15  Marauder  
  157  9:20  Marine x2  
  157  9:21  Marine  
  154  9:26  Widow Mine  
  154  9:30  Marine  
  157  9:50  Marine x4, Widow Mine x2  
  157  9:51  Marine x3  
  157  9:52  Marine x2, Barracks  
  170  9:53  Barracks  
  170  9:54  Widow Mine  
  170  9:55  Command Center  
  171  10:08  Marine x2  
  171  10:10  Marine  
  171  10:13  Command Center  
  173  10:15  Marine  
  173  10:17  Marine x2  
  173  10:18  Marine  
  173  10:19  Widow Mine  
  173  10:44  Barracks Reactor x2  
  173  11:00  Marine x2  
  173  11:01  Marine x2, Widow Mine  
  173  11:02  Medivac x2, Marine x5, Widow Mine x2  
  169  11:18  Marine x2  
  168  11:19  Marine x2  
  168  11:20  Marine  
  168  11:23  Marine, Command Center  
  168  11:24  Marine x3  
  175  11:30  Marine, Widow Mine  
  175  11:31  Marine x3  
  175  11:32  Medivac x2  
  182  11:36  Marine x2  
  182  11:37  Marine x3  
  175  11:41  Marine  
  175  11:42  Marine x3  
  175  11:45  Widow Mine x2  
  169  11:48  Marine x2  
  169  11:49  Marine  
  169  11:54  Marine x2  
  171  11:55  Marine x3  
  171  11:57  Marine  
  171  11:59  Marine, Widow Mine  
  171  12:00  Marine x2  
  182  12:12  Marine x4  
  182  12:13  Marine x2  
  188  12:27  Widow Mine  
  188  12:28  Marauder, Marine x4  
  196  12:31  Marine  
  193  12:37  Missile Turret x2  
  193  12:39  Missile Turret  
  193  12:41  Marine x2  
Show
View Real Time Build Order
Export as new Build Order

llllllllllll Zerg 

Build Orders: Hatch First, Muta Ling Bane 

Get SALT Encoding   

  12  0:01  Drone  
  13  0:12  Overlord  
  13  0:17  Drone  
  14  0:31  Drone x2  
  14  0:34  Drone  
  17  0:55  Hatchery  
  16  1:00  Drone  
  17  1:11  Spawning Pool  
  16  1:15  Drone  
  16  1:16  Extractor  
  16  1:20  Drone  
  16  1:24  Drone  
  18  1:30  Drone  
  19  1:38  Drone  
  20  1:49  Overlord  
  20  1:57  Queen  
  22  2:06  Queen  
  22  2:07  Zergling x4  
  26  2:12  Extractor  
  26  2:13  Drone  
  26  2:19  Drone  
  27  2:25  Drone  
  28  2:30  Metabolic Boost, Drone  
  29  2:40  Drone x2  
  31  2:44  Queen  
  31  2:49  Overlord  
  33  3:02  Drone  
  33  3:03  Drone  
  33  3:04  Lair  
  35  3:05  Extractor  
  35  3:07  Drone  
  35  3:17  Drone x4  
  39  3:21  Overlord  
  39  3:28  Drone x3  
  39  3:31  Drone  
  43  3:34  Zergling x2  
  44  3:41  Drone  
  44  3:42  Overlord, Drone  
  46  3:51  Extractor, Drone x2  
  46  3:52  Overlord  
  46  3:55  Extractor  
  46  4:04  Spire  
  46  4:05  Drone x3  
  46  4:07  Overseer  
  48  4:11  Drone x2  
  49  4:28  Baneling Nest  
  49  4:31  Drone x3  
  50  4:34  Drone  
  50  4:35  Drone  
  53  4:42  Hatchery  
  52  4:51  Evolution Chamber  
  51  4:53  Evolution Chamber  
  51  4:58  Zergling x2  
  51  4:59  Zergling x14  
  56  5:15  Mutalisk x3  
  61  5:32  Drone x3  
  61  5:33  Drone x2  
  66  5:48  Centrifical Hooks  
  66  5:51  Baneling x5  
  66  5:52  Zerg Ground Armor Level 1  
  66  5:56  Queen  
  68  6:01  Drone x2  
  70  6:05  Mutalisk  
  72  6:21  Drone  
  72  6:22  Drone  
  72  6:23  Overlord x4  
  74  6:26  Zerg Flyer Armor Level 1  
  74  6:27  Zerg Melee Weapons Level 1  
  74  6:31  Extractor  
  73  6:35  Extractor  
  72  6:40  Mutalisk  
  72  6:41  Mutalisk  
  72  6:42  Drone  
  72  6:43  Drone x4  
  74  6:59  Mutalisk x2  
  74  7:00  Drone  
  74  7:01  Drone x3  
  82  7:19  Mutalisk x2  
  82  7:22  Zergling x4  
  88  7:23  Zergling x6  
  88  7:24  Zergling x2  
  88  7:26  Drone x4  
  96  7:31  Baneling x3  
  96  7:32  Baneling x2  
  96  7:34  Mutalisk  
  98  7:47  Mutalisk  
  98  7:48  Mutalisk  
  98  7:50  Overlord x5  
  102  7:52  Drone x2  
  104  7:59  Overlord x2  
  104  8:08  Infestation Pit  
  104  8:10  Mutalisk x3  
  109  8:33  Overlord, Drone x5  
  114  8:48  Mutalisk x2  
  114  8:49  Mutalisk x4  
  114  8:50  Overlord x3  
  126  9:08  Hatchery  
  111  9:40  Drone x2  
  111  9:41  Drone x2  
  111  9:44  Zerg Ground Armor Level 2, Zerg Melee Weapons Level 2  
  115  9:47  Hive  
  115  10:23  Extractor x2  
  113  10:29  Baneling  
  113  10:30  Baneling x8  
  108  10:54  Zergling x6  
  108  10:55  Zergling x4  
  108  10:56  Zergling x10  
  108  10:57  Zergling x18  
  119  10:58  Zergling x12  
  110  11:09  Zergling x2  
  110  11:10  Zergling x18  
  103  11:16  Baneling x7  
  103  11:17  Baneling x8  
  74  11:57  Hatchery  
  73  12:04  Ultralisk Cavern  
  72  12:08  Hatchery  
  71  12:25  Zergling x16  
  71  12:26  Zergling x10  
  84  12:46  Baneling x3  
Tags
 
Add a new tag
Caveats
  • Supply blocks, unpowered buildings, or Contaminate may cause inaccurate times.
  • Supply counts are checked every 10 seconds.